 Dungeon Crawl Stone Soup version 0.30-a0-571-gdf30a72648 (webtiles) character file.

Game seed: 2359515946258442011

3553 bobo the Thaumaturge (level 9, -10/45 HPs)
             Began as a Deep Elf Earth Elementalist on Dec 30, 2022.
             Was an Initiate of Vehumet.
             Killed from afar by an efreet (26 damage)
             ... with a fireball
             ... on level 8 of the Dungeon.
             The game lasted 00:31:17 (7190 turns).

bobo the Thaumaturge (Deep Elf Earth Elementalist)  Turns: 7190, Time: 00:31:18

Health: -10/45     AC: 11    Str:  5    XL:     9   Next: 83%
Magic:  5/25       EV: 13    Int: 25    God:    Vehumet [......]
Gold:   563        SH:  0    Dex: 21    Spells: 6/29 levels left

rFire   . . .      SeeInvis .    K - +4 quarterstaff (chaos)
rCold   . . .      Faith    .    (shield currently unavailable)
rNeg    . . .      Spirit   .    A - +2 robe {Archmagi}
rPois   .          Reflect  .    (no helmet)
rElec   .          Harm     .    L - +0 cloak
rCorr   .          Rampage  .    i - +1 pair of gloves
Will    .....      Archmagi +    (no boots)
Stlth   ++                       o - amulet of the acrobat
HPRegen 0.27/turn                y - +6 ring of dexterity
MPRegen 0.19/turn                h - +4 ring of protection

@: no status effects
A: no striking features
a: Renounce Religion


You were on level 8 of the Dungeon.
You worshipped Vehumet.
Vehumet was noncommittal.
You visited 2 branches of the dungeon, and saw 9 of its levels.
You also visited: Ossuary.

You collected 563 gold pieces.

Inventory:

Hand Weapons
 K - a +4 quarterstaff of chaos (weapon)
Missiles
 t - a throwing net
Armour
 i - a +1 pair of gloves (worn)
 A - a +2 robe of the Archmagi (worn)
 L - a +0 cloak (worn)
Jewellery
 a - a ring of poison resistance
 h - a +4 ring of protection (right hand)
 o - an amulet of the acrobat (around neck)
 y - a +6 ring of dexterity (left hand)
Wands
 B - a wand of acid (11)
 I - a wand of flame (22)
 J - a wand of iceblast (7)
Scrolls
 d - a scroll of enchant armour
 e - a scroll of fog
 f - 2 scrolls of noise {unknown}
 g - 2 scrolls of amnesia {unknown}
 k - 2 scrolls of vulnerability {unknown}
 l - 3 scrolls of enchant weapon
 m - 7 scrolls of teleportation
 n - 3 scrolls of summoning
 s - 3 scrolls of fear
 x - 3 scrolls of poison
 z - 2 scrolls of blinking {unknown}
 C - a scroll of magic mapping {unknown}
 E - a scroll of silence {unknown}
 G - a scroll of immolation {unknown}
Potions
 b - 6 potions of magic
 c - 5 potions of curing {unknown}
 j - 5 potions of ambrosia
 p - a potion of berserk rage {unknown}
 q - 3 potions of brilliance {unknown}
 r - 4 potions of mutation
 u - a potion of haste {unknown}
 v - a potion of flight {unknown}
 w - 5 potions of heal wounds
 D - a potion of attraction {unknown}
 F - 2 potions of degeneration {unknown}
 H - a potion of might {unknown}


   Skills:
 - Level 2.4 Dodging
 - Level 2.4 Stealth
 + Level 10.7 Spellcasting
 + Level 5.4 Conjurations
 + Level 3.3 Summonings
 - Level 4.0 Translocations
 - Level 4.0 Transmutations
 - Level 4.0 Fire Magic
 + Level 7.0 Earth Magic
 - Level 5.0 Poison Magic


You had 6 spell levels left.
You knew the following spells:

 Your Spells              Type           Power      Damage    Failure   Level
a - Sandblast             Erth           100%       2d20      1%          1
b - Blink                 Tloc           100%       N/A       1%          2
c - Stone Arrow           Conj/Erth      100%       3d13      1%          3
d - Dazzling Flash        Conj/Hex       80%        N/A       4%          3
e - Olgreb's Toxic Radia  Pois           55%        N/A       5%          4
f - Ignite Poison         Fire/Tmut/Pois 52%        N/A       2%          3
g - Call Canine Familiar  Summ           45%        N/A       3%          3
h - Petrify               Tmut/Erth      58%        N/A       4%          4

Your spell library contained the following spells:

 Spells                   Type           Power      Damage    Failure   Level
 Sting                    Tmut/Pois      100%       1d8       1%          1
 Summon Small Mammal      Summ           100%       N/A       1%          1
 Passwall                 Tmut/Erth      48%        N/A       1%          2
 Poisonous Vapours        Pois/Air       78%        N/A       2%          2
 Inner Flame              Hex/Fire       35%        N/A       6%          3
 Iskenderun's Mystic Bla  Conj/Tloc      53%        2d11      6%          4
 Summon Guardian Golem    Hex/Summ       32%        N/A       7%          3
 Flame Wave               Conj/Fire      53%        2d13      7%          4
 Sticky Flame             Conj/Fire      53%        2d7       7%          4
 Manifold Assault         Tloc           50%        N/A       9%          4
 Starburst                Conj/Fire      26%        6d8       71%         6
 Storm Form               Tmut/Air       17%        N/A       100%        7
 Ignition                 Fire           25%        3d8       100%        8


Dungeon Overview and Level Annotations

Branches:
Dungeon (8/15)             Temple (1/1) D:6         Ossuary (visited)
   Lair: D:8-11

Altars:
Cheibriados
Dithmenos
Elyvilon
Fedhas
Hepliaklqana
Kikubaaqudgha
Makhleb
Nemelex Xobeh
Okawaru
Qazlal
Ru
Sif Muna
Trog
Uskayaw
Vehumet
Wu Jian
Xom
Yredelemnul
The Shining One

Shops:
D:6 (   D:7 =


Message History

Your hound bites the efreet.
The efreet gestures at you. The bolt of fire hits your hound!!
Your hound dies!
Your hound's corpse disappears in a puff of smoke!
The bolt of fire misses you.
Casting: Call Canine Familiar (dangerous; 3% risk of failure)
Confirm with . or Enter, or press ? or * to list all spells.
You feel a surge of power!
You swap places.
The efreet gestures at you. The bolt of fire hits your hound!!
Your hound dies!
Your hound's corpse disappears in a puff of smoke!
The bolt of fire misses you.
Casting: Call Canine Familiar (dangerous; 3% risk of failure)
Confirm with . or Enter, or press ? or * to list all spells.
You feel a surge of power!
The efreet hits your wolf with a +0 scimitar of flaming!
The efreet burns your wolf!
Your wolf dies!
Your wolf's corpse disappears in a puff of smoke!
Casting: Call Canine Familiar (dangerous; 3% risk of failure)
Confirm with . or Enter, or press ? or * to list all spells.
You feel a surge of power!
You swap places.
Things that are here:
+0 acid dragon scales; an acid dragon corpse Your wolf bites the efreet!
The efreet hits your wolf with a +0 scimitar of flaming!!
The efreet burns your wolf.
Your wolf dies!
Your wolf's corpse disappears in a puff of smoke!
Casting: Call Canine Familiar (dangerous; 3% risk of failure)
Confirm with . or Enter, or press ? or * to list all spells.
You feel a surge of power! The efreet gestures at you.
The fireball explodes!
The fireball engulfs you!!
Ouch! That really hurt!
You die...

#°. #R . ##.## .....
#############################
#<........h.@[..§R°°...#.R○.R
######################.#.####
#○#h# #.#○#### #.R.....
###.#### #.# #.# #.#


You could see an efreet (ally target) and a friendly wolf (summoned).

Vanquished Creatures
  A centaur warrior (D:8)
  Sigmund (D:3)
  A steam dragon (D:7)
  An acid dragon (D:8)
  A black bear (D:4)
  A sky beast (D:6)
  An orc warrior (D:7)
  An ogre (D:5)
  A centaur (D:7)
  A gnoll sergeant (D:5)
  2 scorpions
  A necrophage (D:6)
  2 wyvern zombies (Ossuary)
  3 water moccasin zombies (Ossuary)
  2 howler monkeys
  7 bullfrog zombies (Ossuary)
  5 centaur zombies (Ossuary)
  4 hounds
  Crazy Yiuf (D:7)
  3 orc priests
  Natasha (D:3)
  2 iguanas
  6 orc wizards
  6 killer bee zombies (Ossuary)
  16 mummies
  A howler monkey zombie (Ossuary)
  7 adders
  4 gnolls (D:5)
  2 worms
  3 dart slugs
  17 orcs
  4 bats
  6 endoplasms
  3 giant cockroaches
  7 goblins
  6 hobgoblins
  5 jackals
  8 kobolds
  7 quokkas
  10 ball pythons
  5 frilled lizards
  A hobgoblin zombie (D:6)
  A kobold zombie (D:6)
  7 rats
175 creatures vanquished.

Vanquished Creatures (collateral kills)
  A sky beast (D:6)
  An orc wizard (D:6)
  An orc (D:6)
3 creatures vanquished.

Vanquished Creatures (others)
  A withered plant (Ossuary)
1 creature vanquished.

Grand Total: 179 creatures vanquished

Notes
Turn   | Place    | Note
-------+----------+-------------------------------------------
     0 | D:1      | bobo the Deep Elf Earth Elementalist began the quest for
                  | the Orb.
     0 | D:1      | Reached XP level 1. HP: 10/10 MP: 6/6
   193 | D:1      | Found a faded altar of an unknown god.
   202 | D:1      | Reached XP level 2. HP: 15/15 MP: 4/8
   461 | D:1      | You fall into a shaft and drop 1 floor!
   477 | D:2      | Learned a level 2 spell: Blink
   597 | D:2      | Reached XP level 3. HP: 19/19 MP: 8/10
   601 | D:2      | Learned a level 3 spell: Stone Arrow
   783 | D:2      | Reached skill level 1 in Translocations
  1351 | D:2      | Reached skill level 4 in Spellcasting
  1549 | D:2      | Reached XP level 4. HP: 24/24 MP: 9/12
  2226 | D:3      | Noticed Natasha
  2228 | D:3      | Killed Natasha
  2436 | D:3      | Noticed Sigmund
  2477 | D:4      | Reached skill level 1 in Conjurations
  2524 | D:4      | Reached XP level 5. HP: 23/28 MP: 8/13
  2595 | D:4      | Noticed a black bear
  2604 | D:4      | Killed a black bear
  2605 | D:4      | Reached skill level 5 in Spellcasting
  2605 | D:4      | Reached XP level 6. HP: 15/32 MP: 5/15
  2727 | D:4      | Reached skill level 5 in Earth Magic
  3272 | D:3      | Killed Sigmund
  3273 | D:3      | Reached XP level 7. HP: 24/36 MP: 1/17
  3476 | D:3      | Reached skill level 6 in Spellcasting
  3690 | D:5      | Entered Level 5 of the Dungeon
  3826 | D:5      | Learned a level 3 spell: Dazzling Flash
  3847 | D:5      | Learned a level 4 spell: Olgreb's Toxic Radiance
  3851 | D:5      | Learned a level 3 spell: Ignite Poison
  3868 | D:5      | Found an ornate altar of the Wu Jian Council.
  3868 | D:5      | Found a blossoming altar of Fedhas.
  4020 | D:5      | Reached skill level 1 in Fire Magic
  4020 | D:5      | Reached skill level 1 in Poison Magic
  4469 | D:5      | Found an iron altar of Okawaru.
  4601 | D:5      | Reached skill level 7 in Spellcasting
  4601 | D:5      | Reached XP level 8. HP: 41/41 MP: 13/20
  4728 | D:6      | Found a sand-covered staircase.
  4733 | Ossuary  | Entered an ossuary
  4919 | Ossuary  | Reached skill level 8 in Spellcasting
  5003 | Ossuary  | Reached skill level 9 in Spellcasting
  5116 | Ossuary  | Reached XP level 9. HP: 44/45 MP: 15/24
  5289 | D:6      | Learned a level 3 spell: Call Canine Familiar
  5542 | D:6      | Found a staircase to the Ecumenical Temple.
  5565 | Temple   | Entered the Ecumenical Temple
  5663 | Temple   | Became a worshipper of Vehumet
  5994 | D:6      | Learned a level 4 spell: Petrify
  6029 | D:6      | Found Doxoidui's Weapon Shoppe.
  6134 | D:6      | Reached skill level 10 in Spellcasting
  6346 | D:7      | Reached skill level 1 in Summonings
  6466 | D:7      | Found Nicsen's Jewellery Emporium.
  6932 | D:7      | Found a runed translucent door.
  6933 | D:7      | Noticed Crazy Yiuf
  6937 | D:7      | Killed Crazy Yiuf
  7057 | D:8      | Reached skill level 5 in Poison Magic
  7154 | D:8      | Noticed a centaur warrior
  7156 | D:8      | Noticed a two-headed ogre
  7157 | D:8      | Noticed an efreet
  7159 | D:8      | Killed a centaur warrior
  7159 | D:8      | Noticed a boulder beetle
  7160 | D:8      | Reached skill level 5 in Conjurations
  7190 | D:8      | Killed from afar by an efreet

Illustrated notes

Levels and vault maps discovered:
D:1:      psy_arrival_basics, layout_basic, ebering_ecumenical_altar_abandoned,
          minmay_misc_feat_hallway
D:2:      layout_basic
D:3:      minmay_razor_zed, layout_basic, uniq_sigmund, uniq_natasha
D:4:      layout_cave_pools, grunt_decor_junction
D:5:      layout_gridville, mainiacjoe_overflow_alcove_4, jmf_multi_god_temple
D:6:      layout_basic, minmay_temple_entry_trees, nicolae_ossuary_entry_giza,
          serial_shops, nicolae_shop_bloodbath_and_beyond
D:7:      layout_basic, serial_shops, nicolae_stop_n_shop_2,
          uniq_crazy_yiuf_cottage
D:8:      minmay_the_grid_square_5x5_3x3 [minmay_the_grid_square_5x5_spiral,
          minmay_the_grid_square_5x5_bracketed, minmay_the_grid_square_5x5_tie,
          minmay_the_grid_square_5x5_hourglass,
          minmay_the_grid_square_5x5_megaprize_checkered,
          minmay_the_grid_square_5x5_six_small,
          minmay_the_grid_square_5x5_three_small,
          minmay_the_grid_square_5x5_beaten_path,
          minmay_the_grid_square_5x5_detours], layout_basic, zin_statuary,
          dpeg_lair_monsters, uniq_pikel, uniq_grum, uniq_maggie
Temple:   minmay_temple_bridge_d

Skill      XL: |  1  2  3  4  5  6  7  8  9 |
---------------+----------------------------+-----
Translocations | 1 2 3 4 |  4.0
Spellcasting   | 4 5 7 9 10 | 10.7
Earth Magic    | 4 5 7 |  7.0
Conjurations   | 1 2 3 5 |  5.4
Transmutations | 3 4 |  4.0
Fire Magic     | 2 4 |  4.0
Poison Magic   | 2 4 5 |  5.0
Summonings     | 3 |  3.3
Dodging        | |  2.4
Stealth        | |  2.4

Action                   |  1- 3 |  4- 6 |  7- 9 || total
-------------------------+-------+-------+-------++-------
Melee: Dagger            |       |       |     1 ||     1
       Quarterstaff      |       |       |     1 ||     1
       Punch             |       |       |     1 ||     1
 Cast: Sandblast         |    48 |    55 |   155 ||   258
       Blink             |     1 |       |     4 ||     5
       Stone Arrow       |       |     8 |    17 ||    25
       Call Canine Famil |       |       |    13 ||    13
       Olgreb's Toxic Ra |       |       |     2 ||     2
       Ignite Poison     |       |       |     2 ||     2
  Use: Scroll            |       |       |    10 ||    10
Armor: Robe              |     5 |     8 |    19 ||    32
Dodge: Dodged            |     8 |    25 |    64 ||    97

Table legend: (Time is in decaauts)
 A = Elapsed time spent in this place.
 B = Non-inter-level travel time spent in this place.
 C = Inter-level travel time spent in this place.
 D = Time resting spent in this place.
 E = Time spent auto-exploring this place.
 F = Levels seen in this place.
 G = Mean time per level.
                   A        B        C        D        E       F      G
               +--------+--------+--------+--------+--------+-----+--------+
         Total |   7325 |   6976 |    349 |    408 |   5207 |  10 |  732.5 |
       Dungeon |   6552 |   6289 |    263 |    169 |   5103 |   8 |  819.0 |
        Temple |    171 |     85 |     86 |      0 |     74 |   1 |  171.0 |
       Ossuary |    601 |    601 |      0 |    239 |     30 |   1 |  601.0 |
               +--------+--------+--------+--------+--------+-----+--------+

Top non-repeatable levels by time:
     D:3: 1258 daAuts
     D:5: 1021 daAuts
     D:2: 937 daAuts
     D:6: 932 daAuts
     D:1: 881 daAuts
     D:7: 699 daAuts
     D:4: 672 daAuts
 Ossuary: 601 daAuts
  Temple: 171 daAuts
     D:8: 150 daAuts
